 Dungeon Crawl Stone Soup version 0.29.0-11-gd7f09526c8 (webtiles) character file.

Game seed: 12301965161464671100

238 tellme the Trooper (level 5, -3/42 HPs)
             Began as a Demonspawn Abyssal Knight on Sept 3, 2022.
             Was a Priest of Lugonu.
             Slain by Blork the orc
             ... wielding a +0 dire flail
              (13 damage)
             ... on level 3 of the Dungeon.
             The game lasted 00:11:54 (3399 turns).

tellme the Trooper (Demonspawn Abyssal Knight)      Turns: 3399, Time: 00:11:56

Health: -3/42      AC: 10    Str: 15    XL:     5   Next: 78%
Magic:  6/6        EV: 11    Int: 11    God:    Lugonu [***...]
Gold:   115        SH:  3    Dex: 16    Spells: 4/4 levels left

rFire   . . .      SeeInvis .   a - +1 falchion
rCold   . . .      Faith    .   x - +0 buckler
rNeg    . . .      Spirit   .   b - +0 leather armour
rPois   .          Reflect  .   s - +2 helmet
rElec   .          Harm     .   (no cloak)
rCorr   .          Rampage  .   (no gloves)
Will    .....                   (no boots)
Stlth   ++........              (no amulet)
HPRegen 0.14/turn               g - +4 ring of protection
MPRegen 0.10/turn               (no ring)

@: no status effects
A: thin skeletal structure 1, foul stench 1, demonic magic 1
a: Renounce Religion, Depart the Abyss, Bend Space, Banish


You were on level 3 of the Dungeon.
You worshipped Lugonu.
Lugonu was most pleased with you.
You visited 1 branch of the dungeon, and saw 4 of its levels.
You visited the Abyss 1 time.

You collected 115 gold pieces.

Inventory:

Hand Weapons
 a - a +1 falchion (weapon)
Missiles
 l - a boomerang
 y - a javelin (quivered)
Armour
 b - a +0 leather armour (worn)
 s - a +2 helmet (worn)
 x - a +0 buckler (worn)
Jewellery
 g - a +4 ring of protection (left hand)
Scrolls
 c - 4 scrolls of identify {unknown}
 d - a scroll of fear {unknown}
 e - 2 scrolls of noise {unknown}
 f - a scroll of immolation
 h - 2 scrolls of enchant weapon {unknown}
 j - a scroll of magic mapping {unknown}
 n - a scroll of enchant armour {unknown}
 p - a scroll of silence {unknown}
 q - 3 scrolls of teleportation {unknown}
 v - a scroll of butterflies {unknown}
Potions
 i - 2 potions of might {unknown}
 k - a potion of haste {unknown}
 m - 2 potions of lignification {unknown}
 o - 2 potions of curing {unknown}
 r - a potion of heal wounds {unknown}
 t - a potion of ambrosia {unknown}
 u - a potion of attraction {unknown}
 w - 2 potions of flight {unknown}


   Skills:
 + Level 4.1 Fighting
 + Level 3.6 Long Blades
 + Level 0.3 Throwing
 + Level 2.8 Armour
 + Level 2.1 Dodging
 + Level 0.2 Stealth
 + Level 2.4 Invocations


You had 4 spell levels left.
You didn't know any spells.
Your spell library contained the following spells:

 Spells                   Type           Power      Damage    Failure   Level
 Apportation              Tloc           0%         N/A       52%         1
 Necrotise                Necr           0%         1d4       52%         1
 Summon Small Mammal      Summ           0%         N/A       52%         1
 Anguish                  Hex/Necr       0%         N/A       99%         4
 Enfeeble                 Hex            0%         N/A       100%        7


Dungeon Overview and Level Annotations

Branches:
Dungeon (4/15)
 Temple: D:4-7

Altars:

Shops:
D:2 [

Annotations:
D:3 Blork the orc


Innate Abilities, Weirdness & Mutations

You have a somewhat thin skeletal structure. (Dex +2, Stealth+)
You may rarely emit foul miasma when damaged in melee.
Spells you cast may paralyse adjacent enemies.


Message History

You hit Blork the orc.
Blork the orc is lightly wounded.
Blork the orc hits you with a +0 dire flail!
You hit Blork the orc but do no damage.
Blork the orc is lightly wounded.
Blork the orc casts a spell at you. The magic dart hits you.
You closely miss Blork the orc.
Blork the orc is lightly wounded.
Blork the orc barely misses you. Blork the orc attacks as you move away!
Blork the orc closely misses you. Blork the orc attacks as you move away!
You block Blork the orc's attack.
Blork the orc points at you and mumbles some strange words.
The magic dart hits you.
Blork the orc screams, "I'm going to kill you!"
Blork the orc looks satisfied for a moment.
You throw a javelin.
The javelin pierces through Blork the orc but does no damage.
Blork the orc is lightly wounded.
Blork the orc screams, "Die!"
You throw a javelin.
The javelin closely misses Blork the orc.
Blork the orc misses you. Blork the orc attacks as you move away!
Blork the orc hits you with a +0 dire flail.
Blork the orc screams, "I'll drink your blood!
Soon!"
Blork the orc attacks as you move away!
Blork the orc hits you with a +0 dire flail.
There is a stone staircase leading up here.
Blork the orc points at you and mumbles some strange words.
The puff of flame hits you.
* * * LOW HITPOINT WARNING * * *
You climb upwards.
There is a stone staircase leading down here.
Blork the orc attacks as you move away!
Blork the orc hits you with a +0 dire flail.
* * * LOW HITPOINT WARNING * * *
Blork the orc attacks as you move away!
Blork the orc hits you with a +0 dire flail!
You die...

...#.###.)####...~..............#
##.#(###........#................
##........#..##.................#
)###.##......###.#............#..
..##.#.......###.##...........###
..##.............................
..##........##..>.####.##..##.###
................o## #..##.....#
.###.##..#.####.@# #.###..#..#
..##.....#.#####.####.# ##....#
..##..##...)...(..#...# ##...#
.)#..####...####..#.### ###.#
..)..###.....###..#.####### #.#
###†..........###.........###.###
##..##........# #...####...<.....
##..###.......# #.### #.........
......##.....## #.### #.........


You could see Blork the orc.

Vanquished Creatures
  Menkaure (D:4)
  3 gnolls (D:2)
  An adder (D:3)
  2 worms
  A dart slug (D:1)
  6 orcs
  3 bats
  4 endoplasms
  A giant cockroach (D:3)
  12 goblins
  5 hobgoblins
  3 quokkas
  5 ball pythons
  4 frilled lizards
  4 kobolds
  5 rats
60 creatures vanquished.

Vanquished Creatures (others)
  10 plants (D:3)
  8 starspawn tentacles (Abyss:1)
18 creatures vanquished.

Grand Total: 78 creatures vanquished

Notes
Turn   | Place    | Note
-------+----------+-------------------------------------------
     0 | Abyss:1  | tellme the Demonspawn Abyssal Knight began the quest for
                  | the Orb.
     0 | Abyss:1  | Reached XP level 1. HP: 18/18 MP: 2/2
    43 | Abyss:1  | Noticed a tentacled starspawn
    89 | D:1      | Escaped the Abyss
   278 | D:1      | Found a faded altar of an unknown god.
   816 | D:1      | Gained mutation: Spells you cast may paralyse adjacent
                  | enemies. [demonic ancestry]
   816 | D:1      | Reached XP level 2. HP: 22/24 MP: 3/3
   860 | D:1      | Reached skill level 1 in Dodging
  1082 | D:1      | Reached ** piety under Lugonu
  1381 | D:2      | Found Bialovix's Antique Armour Shoppe.
  1507 | D:2      | You fall into a shaft and drop 1 floor!
  1604 | D:3      | Reached XP level 3. HP: 29/29 MP: 4/4
  2178 | D:3      | Gained mutation: You may rarely emit foul miasma when
                  | damaged in melee. [demonic ancestry]
  2178 | D:3      | Reached XP level 4. HP: 21/35 MP: 5/5
  2975 | D:2      | Reached *** piety under Lugonu
  3139 | D:4      | Noticed Menkaure
  3151 | D:4      | Killed Menkaure
  3152 | D:4      | Reached skill level 4 in Fighting
  3152 | D:4      | Gained mutation: You have a somewhat thin skeletal
                  | structure. (Dex +2, Stealth+) [demonic ancestry]
  3152 | D:4      | Reached XP level 5. HP: 15/42 MP: 6/6
  3367 | D:4      | Noticed Blork the orc
  3399 | D:3      | Slain by Blork the orc

Illustrated notes

Levels and vault maps discovered:
D:1:      ncdulo_watergridlock, layout_basic, hellmonk_ecumenical_altar_blasted
D:2:      layout_rooms, serial_shops, nicolae_square_shop
D:3:      layout_rooms, serial_bayou, serial_bayou_crossing,
          serial_bayou_pond_e, serial_bayou_shore_a, serial_bayou_ford_a
D:4:      layout_basic, serial_shops, nicolae_diamond_shop,
          gammafunk_ghost_smash, uniq_grinder, uniq_blork_the_orc,
          uniq_menkaure, uniq_sigmund, uniq_pikel

Skill      XL: |  1  2  3  4 |
---------------+-------------+-----
Armour         | 2 |  2.8
Dodging        | 1 2 |  2.1
Long Blades    | 2 3 |  3.6
Fighting       | 4 |  4.1
Throwing       | |  0.3
Stealth        | |  0.2
Invocations    | |  2.4

Action                   |  1- 3 |  4- 6 || total
-------------------------+-------+-------++-------
Melee: Falchion          |   119 |    80 ||   199
Throw: Boomerang         |    13 |       ||    13
       Javelin           |       |     2 ||     2
Invok: Depart the Abyss  |     1 |       ||     1
 Stab: Sleeping          |     1 |       ||     1
Armor: Leather armour    |    48 |    32 ||    80
Dodge: Dodged            |    79 |    49 ||   128
Block: Buckler           |       |     2 ||     2
